[ AOE2 MATCH · #513587931 ]
UnrankedByzantines vs Berbers
Rival team · LOSS
[ REPLAY ANALYSIS · EXTRACTED FROM THE RECORDED GAME ]
Feudal
8:50
Castle
25:57
Imperial
—
| APM avg | 78.2 |
| APM peak | 113 |
| eAPM avg | 37.8 |
| Villagers / military | 86 / 62 |
Focus
⚔️ 50.9% · 🌾 49.1%
Skirmisher ×24 · Camel Scout ×15 · Spearman ×13 · Knight ×5 · Monk ×3 · Militia ×2
Feudal
12:35
Castle
28:16
Imperial
—
| APM avg | 95.3 |
| APM peak | 159 |
| eAPM avg | 45.8 |
| Villagers / military | 79 / 80 |
Focus
⚔️ 57.7% · 🌾 42.3%
Skirmisher ×35 · Camel Scout ×22 · Knight ×8 · Scout Cavalry ×5 · Militia ×3 · Spearman ×3
Match map
Initial resources + every placement click. Lines = walls · curves = elevation contours. ◆ gold · ⬟ stone · ● berries · ✦ relic · ◌ wall gap
Your base· Open — unwalled flank
SalzZ_classicpro's base· Open — 4t gap
Smoothed initial terrain · ◌ = detected wall gap · hover for details
Inputs per minute
— TAG_Sitaux - - SalzZ_classicpro
Build order — TAG_Sitaux
First 150 of 272 actions detected
| 0:00 | Queue | Villager (Male) |
| 0:01 | Queue | Villager (Male) |
| 0:01 | Build | House |
| 0:02 | Build | House |
| 0:05 | Queue | Villager (Male) |
| 0:13 | Queue | Villager (Male) |
| 1:23 | Queue | Villager (Male) |
| 1:57 | Queue | Villager (Male) |
| 2:13 | Queue | Villager (Male) |
| 2:14 | Queue | Villager (Male) |
| 2:43 | Queue | Villager (Male) |
| 2:43 | Queue | Villager (Male) |
| 3:12 | Queue | Villager (Male) |
| 3:31 | Build | Lumber Camp |
| 3:37 | Queue | Villager (Male) |
| 3:49 | Build | House |
| 3:59 | Queue | Villager (Male) |
| 3:59 | Queue | Villager (Male) |
| 3:59 | Queue | Villager (Male) |
| 3:59 | Queue | Villager (Male) |
| 4:26 | Queue | Villager (Male) |
| 4:50 | Build | Mill |
| 5:00 | Queue | Villager (Male) |
| 5:46 | Research | Loom |
| 6:36 | Research | Feudal Age |
| 6:36 | Research | Feudal Age |
| 6:44 | Build | Barracks |
| 7:14 | Build | House |
| 7:24 | Build | Palisade Wall |
| 7:27 | Build | Palisade Wall |
| 7:31 | Build | Palisade Wall |
| 7:37 | Queue | Militia |
| 7:38 | Queue | Militia |
| 7:49 | Build | Palisade Wall |
| 7:50 | Build | Palisade Wall |
| 7:52 | Build | Palisade Wall |
| 8:22 | Queue | Villager (Male) |
| 8:50 | Age | Feudal Age |
| 8:52 | Queue | Spearman |
| 8:59 | Build | House |
| 9:05 | Research | Double-Bit Axe |
| 9:06 | Queue | Villager (Male) |
| 9:12 | Queue | Spearman |
| 9:18 | Build | House |
| 9:37 | Queue | Villager (Male) |
| 9:39 | Queue | Spearman |
| 9:44 | Queue | Villager (Male) |
| 9:44 | Queue | Villager (Male) |
| 10:04 | Queue | Spearman |
| 10:04 | Queue | Spearman |
| 10:33 | Queue | Villager (Male) |
| 10:46 | Build | Farm |
| 10:47 | Build | Farm |
| 10:51 | Build | Farm |
| 10:51 | Queue | Villager (Male) |
| 11:07 | Queue | Villager (Male) |
| 11:09 | Build | Archery Range |
| 11:19 | Build | Farm |
| 11:29 | Build | House |
| 11:39 | Build | Farm |
| 11:40 | Build | Farm |
| 11:55 | Queue | Villager (Male) |
| 12:02 | Queue | Skirmisher |
| 12:05 | Build | House |
| 12:06 | Build | Palisade Wall |
| 12:18 | Queue | Skirmisher |
| 12:28 | Build | Farm |
| 12:30 | Queue | Villager (Male) |
| 12:37 | Build | Farm |
| 12:43 | Queue | Villager (Male) |
| 12:43 | Queue | Villager (Male) |
| 12:45 | Build | Farm |
| 12:48 | Build | House |
| 12:49 | Build | Palisade Wall |
| 12:51 | Queue | Skirmisher |
| 13:06 | Queue | Villager (Male) |
| 13:07 | Build | Farm |
| 13:09 | Queue | Skirmisher |
| 13:32 | Queue | Skirmisher |
| 13:35 | Queue | Villager (Male) |
| 13:35 | Queue | Villager (Male) |
| 13:37 | Build | Farm |
| 13:51 | Queue | Skirmisher |
| 13:56 | Queue | Villager (Male) |
| 14:04 | Queue | Skirmisher |
| 14:20 | Queue | Villager (Male) |
| 14:21 | Build | Blacksmith |
| 14:23 | Queue | Skirmisher |
| 14:28 | Queue | Villager (Male) |
| 14:34 | Research | Horse Collar |
| 14:46 | Queue | Villager (Male) |
| 15:03 | Queue | Skirmisher |
| 15:07 | Build | House |
| 15:08 | Build | House |
| 15:21 | Queue | Villager (Male) |
| 15:23 | Build | Mining Camp |
| 15:37 | Queue | Skirmisher |
| 15:41 | Queue | Villager (Male) |
| 15:43 | Build | House |
| 15:44 | Build | House |
| 16:09 | Queue | Villager (Male) |
| 16:10 | Build | Farm |
| 16:13 | Build | Farm |
| 16:20 | Build | Watch Tower |
| 16:21 | Queue | Skirmisher |
| 16:24 | Build | House |
| 16:26 | Build | House |
| 16:34 | Queue | Villager (Male) |
| 16:36 | Research | Fletching |
| 16:38 | Queue | Skirmisher |
| 16:48 | Build | House |
| 16:59 | Build | Lumber Camp |
| 17:14 | Queue | Villager (Male) |
| 17:32 | Build | Palisade Wall |
| 17:40 | Queue | Villager (Male) |
| 17:42 | Queue | Skirmisher |
| 17:53 | Build | Mining Camp |
| 17:54 | Queue | Skirmisher |
| 17:56 | Queue | Spearman |
| 18:07 | Queue | Villager (Male) |
| 18:09 | Build | House |
| 18:10 | Build | Palisade Wall |
| 18:14 | Build | Palisade Wall |
| 18:18 | Queue | Spearman |
| 18:35 | Queue | Villager (Male) |
| 18:41 | Queue | Spearman |
| 18:59 | Queue | Villager (Male) |
| 19:01 | Queue | Skirmisher |
| 19:19 | Research | Wheelbarrow |
| 19:22 | Build | House |
| 19:22 | Build | House |
| 19:23 | Build | Palisade Wall |
| 19:25 | Queue | Skirmisher |
| 19:32 | Queue | Villager (Male) |
| 19:34 | Queue | Skirmisher |
| 19:36 | Research | Padded Archer Armor |
| 19:44 | Queue | Skirmisher |
| 20:00 | Queue | Villager (Male) |
| 20:10 | Queue | Skirmisher |
| 20:17 | Queue | Villager (Male) |
| 20:40 | Queue | Skirmisher |
| 20:43 | Queue | Villager (Male) |
| 20:54 | Queue | Spearman |
| 21:11 | Build | Palisade Wall |
| 21:12 | Build | Palisade Wall |
| 21:13 | Build | Palisade Wall |
| 21:25 | Queue | Villager (Male) |
| 21:54 | Queue | Villager (Male) |
| 22:04 | Build | Market |
| 22:16 | Queue | Skirmisher |
Build order — SalzZ_classicpro
First 150 of 278 actions detected
| 0:00 | Queue | Villager (Male) |
| 0:00 | Queue | Villager (Male) |
| 0:01 | Build | House |
| 0:02 | Build | House |
| 0:06 | Queue | Villager (Male) |
| 0:07 | Queue | Villager (Male) |
| 1:22 | Queue | Villager (Male) |
| 1:23 | Build | Lumber Camp |
| 1:56 | Queue | Villager (Male) |
| 2:22 | Queue | Villager (Male) |
| 2:51 | Queue | Villager (Male) |
| 3:19 | Queue | Villager (Male) |
| 3:19 | Queue | Villager (Male) |
| 3:36 | Build | House |
| 3:39 | Queue | Villager (Male) |
| 4:04 | Queue | Villager (Male) |
| 4:27 | Queue | Villager (Male) |
| 4:30 | Build | Barracks |
| 4:45 | Queue | Villager (Male) |
| 4:55 | Build | House |
| 5:11 | Build | House |
| 5:16 | Queue | Villager (Male) |
| 5:30 | Queue | Militia |
| 5:30 | Queue | Militia |
| 5:32 | Queue | Villager (Male) |
| 5:40 | Build | Palisade Gate |
| 6:00 | Queue | Villager (Male) |
| 6:06 | Build | Mill |
| 6:11 | Queue | Militia |
| 6:25 | Queue | Villager (Male) |
| 6:54 | Queue | Villager (Male) |
| 7:16 | Build | Mill |
| 7:18 | Queue | Villager (Male) |
| 7:44 | Queue | Villager (Male) |
| 8:03 | Build | House |
| 8:06 | Queue | Villager (Male) |
| 8:32 | Queue | Villager (Male) |
| 8:41 | Build | House |
| 8:59 | Research | Loom |
| 9:16 | Build | Mining Camp |
| 9:19 | Queue | Villager (Male) |
| 9:25 | Queue | Villager (Male) |
| 9:38 | Build | Palisade Wall |
| 9:39 | Build | Palisade Wall |
| 9:44 | Build | Palisade Wall |
| 9:46 | Build | House |
| 9:49 | Build | Palisade Wall |
| 9:52 | Queue | Villager (Male) |
| 9:56 | Build | Palisade Wall |
| 9:57 | Build | Palisade Wall |
| 10:05 | Build | Palisade Wall |
| 10:06 | Build | Palisade Wall |
| 10:25 | Research | Feudal Age |
| 10:28 | Build | Palisade Wall |
| 10:37 | Build | Palisade Wall |
| 10:39 | Build | Palisade Wall |
| 11:21 | Build | Farm |
| 11:22 | Build | Farm |
| 11:22 | Build | Farm |
| 11:24 | Build | Farm |
| 11:42 | Queue | Villager (Male) |
| 11:44 | Build | Farm |
| 12:18 | Queue | Villager (Male) |
| 12:27 | Build | Palisade Wall |
| 12:29 | Build | House |
| 12:30 | Build | Palisade Wall |
| 12:35 | Age | Feudal Age |
| 12:36 | Build | House |
| 12:38 | Build | Archery Range |
| 12:40 | Build | Blacksmith |
| 12:43 | Queue | Spearman |
| 12:44 | Research | Double-Bit Axe |
| 12:45 | Research | Horse Collar |
| 13:09 | Research | Fletching |
| 13:14 | Queue | Villager (Male) |
| 13:29 | Queue | Skirmisher |
| 13:29 | Queue | Skirmisher |
| 13:49 | Queue | Skirmisher |
| 13:56 | Queue | Villager (Male) |
| 14:11 | Build | Archery Range |
| 14:13 | Build | Farm |
| 14:13 | Build | Farm |
| 14:25 | Build | Farm |
| 14:25 | Queue | Villager (Male) |
| 14:41 | Build | Lumber Camp |
| 14:45 | Queue | Skirmisher |
| 14:57 | Build | Farm |
| 14:59 | Build | Farm |
| 15:01 | Queue | Villager (Male) |
| 15:01 | Queue | Villager (Male) |
| 15:10 | Build | Farm |
| 15:19 | Queue | Villager (Male) |
| 15:31 | Build | Farm |
| 15:32 | Build | Farm |
| 15:43 | Build | Farm |
| 15:49 | Queue | Skirmisher |
| 15:49 | Queue | Skirmisher |
| 15:52 | Queue | Villager (Male) |
| 15:53 | Queue | Villager (Male) |
| 16:20 | Queue | Villager (Male) |
| 16:24 | Build | Watch Tower |
| 16:26 | Queue | Skirmisher |
| 16:26 | Queue | Skirmisher |
| 16:37 | Build | Mill |
| 16:38 | Build | Farm |
| 16:38 | Build | Farm |
| 16:38 | Build | Farm |
| 16:53 | Queue | Villager (Male) |
| 17:17 | Build | Mill |
| 17:18 | Build | Farm |
| 17:18 | Build | Farm |
| 17:34 | Queue | Archer |
| 17:35 | Queue | Archer |
| 17:37 | Queue | Villager (Male) |
| 17:51 | Build | House |
| 17:52 | Build | Palisade Wall |
| 17:56 | Queue | Villager (Male) |
| 18:20 | Queue | Villager (Male) |
| 18:22 | Build | House |
| 18:25 | Build | Farm |
| 18:27 | Build | Farm |
| 18:28 | Build | Farm |
| 18:28 | Queue | Skirmisher |
| 18:30 | Build | Palisade Wall |
| 18:32 | Queue | Villager (Male) |
| 18:33 | Queue | Skirmisher |
| 18:33 | Queue | Skirmisher |
| 18:46 | Queue | Villager (Male) |
| 18:50 | Build | Farm |
| 19:07 | Queue | Skirmisher |
| 19:07 | Queue | Skirmisher |
| 19:11 | Queue | Villager (Male) |
| 19:31 | Queue | Villager (Male) |
| 19:33 | Queue | Skirmisher |
| 19:33 | Queue | Skirmisher |
| 19:44 | Queue | Villager (Male) |
| 19:46 | Queue | Skirmisher |
| 19:46 | Queue | Skirmisher |
| 19:53 | Queue | Villager (Male) |
| 19:54 | Queue | Skirmisher |
| 20:05 | Queue | Skirmisher |
| 20:05 | Queue | Skirmisher |
| 20:39 | Queue | Villager (Male) |
| 20:39 | Queue | Villager (Male) |
| 20:40 | Queue | Skirmisher |
| 20:44 | Queue | Villager (Male) |
| 21:02 | Research | Padded Archer Armor |
| 21:03 | Queue | Skirmisher |
| 21:03 | Queue | Skirmisher |
| 21:03 | Queue | Skirmisher |
Match timeline
| 4:30 | SalzZ_classicpro · first_building Barracks |
| 6:44 | TAG_Sitaux · first_building Barracks |
| 7:24 | TAG_Sitaux · wall_segment Palisade Wall x1 |
| 7:27 | TAG_Sitaux · wall_segment Palisade Wall x3 |
| 7:31 | TAG_Sitaux · wall_segment Palisade Wall x1 |
| 7:49 | TAG_Sitaux · wall_segment Palisade Wall x1 |
| 7:50 | TAG_Sitaux · wall_segment Palisade Wall x1 |
| 7:52 | TAG_Sitaux · wall_segment Palisade Wall x1 |
| 8:50 | TAG_Sitaux · age_up feudal |
| 9:38 | SalzZ_classicpro · wall_segment Palisade Wall x1 |
| 9:39 | SalzZ_classicpro · wall_segment Palisade Wall x1 |
| 9:44 | SalzZ_classicpro · wall_segment Palisade Wall x1 |
| 9:49 | SalzZ_classicpro · wall_segment Palisade Wall x4 |
| 9:56 | SalzZ_classicpro · wall_segment Palisade Wall x1 |
| 9:57 | SalzZ_classicpro · wall_segment Palisade Wall x1 |
| 10:05 | SalzZ_classicpro · wall_segment Palisade Wall x1 |
| 10:06 | SalzZ_classicpro · wall_segment Palisade Wall x1 |
| 10:28 | SalzZ_classicpro · wall_segment Palisade Wall x2 |
| 10:37 | SalzZ_classicpro · wall_segment Palisade Wall x1 |
| 10:39 | SalzZ_classicpro · wall_segment Palisade Wall x1 |
| 11:09 | TAG_Sitaux · first_building Archery Range |
| 12:06 | TAG_Sitaux · wall_segment Palisade Wall x2 |
| 12:27 | SalzZ_classicpro · wall_segment Palisade Wall x1 |
| 12:30 | SalzZ_classicpro · wall_segment Palisade Wall x1 |
| 12:35 | SalzZ_classicpro · age_up feudal |
| 12:38 | SalzZ_classicpro · first_building Archery Range |
| 12:49 | TAG_Sitaux · wall_segment Palisade Wall x2 |
| 17:32 | TAG_Sitaux · wall_segment Palisade Wall x1 |
| 17:52 | SalzZ_classicpro · wall_segment Palisade Wall x13 |
| 18:10 | TAG_Sitaux · wall_segment Palisade Wall x11 |
| 18:14 | TAG_Sitaux · wall_segment Palisade Wall x3 |
| 18:30 | SalzZ_classicpro · wall_segment Palisade Wall x1 |
| 19:23 | TAG_Sitaux · wall_segment Palisade Wall x1 |
| 21:11 | TAG_Sitaux · wall_segment Palisade Wall x1 |
| 21:12 | TAG_Sitaux · wall_segment Palisade Wall x1 |
| 21:13 | TAG_Sitaux · wall_segment Palisade Wall x1 |
| 21:28 | SalzZ_classicpro · first_building Stable |
| 22:28 | SalzZ_classicpro · wall_segment Palisade Wall x1 |
| 22:47 | TAG_Sitaux · wall_segment Palisade Wall x4 |
| 22:49 | TAG_Sitaux · first_market_buy 100 food |
| 22:51 | TAG_Sitaux · first_market_sell 100 stone |
| 24:05 | TAG_Sitaux · first_building Stable |
| 25:55 | TAG_Sitaux · wall_segment Palisade Wall x1 |
| 25:55 | TAG_Sitaux · wall_segment Palisade Wall x1 |
| 25:56 | TAG_Sitaux · wall_segment Palisade Wall x1 |
| 25:56 | TAG_Sitaux · wall_segment Palisade Wall x1 |
| 25:57 | TAG_Sitaux · age_up castle |
| 26:19 | SalzZ_classicpro · wall_segment Palisade Wall x9 |
| 26:20 | SalzZ_classicpro · wall_segment Palisade Wall x8 |
| 26:48 | SalzZ_classicpro · wall_segment Palisade Wall x1 |
| 28:16 | SalzZ_classicpro · age_up castle |
| 28:49 | TAG_Sitaux · first_building Monastery |
| 28:58 | TAG_Sitaux · wall_segment Stone Wall x1 |
| 28:59 | TAG_Sitaux · wall_segment Stone Wall x1 |
| 29:00 | TAG_Sitaux · wall_segment Stone Wall x1 |
| 29:11 | SalzZ_classicpro · first_market_buy 100 wood |
| 29:14 | SalzZ_classicpro · first_building Monastery |
| 30:37 | TAG_Sitaux · wall_segment Stone Wall x1 |
| 30:38 | TAG_Sitaux · wall_segment Stone Wall x1 |
| 30:39 | TAG_Sitaux · wall_segment Stone Wall x1 |
| 30:40 | TAG_Sitaux · wall_segment Stone Wall x1 |
| 30:41 | TAG_Sitaux · wall_segment Stone Wall x1 |
| 33:27 | SalzZ_classicpro · resign |
[ AI ANALYSIS · 1 CREDIT ]
What really happened in this match?
Wolo.gg analyzes every decision: build order, eco, micro, common mistakes by bracket. Personalized analysis on WhatsApp or Discord in 30 seconds.
Civ guide
Byzantines
Perfil
Jugador #212721